 Dungeon Crawl Stone Soup version 0.30-a0-1018-g25214051b3 (webtiles) character file.

Game seed: 3720730051755357410

14 DeathPants the Chopper (level 2, -1/15 HPs)
             Began as a Vine Stalker Gladiator on Apr 7, 2023.
             Slain by a goblin
             ... wielding a +0 dagger
             ... led by Robin
              (2 damage)
             ... on level 1 of the Dungeon.
             The game lasted 00:02:06 (647 turns).

DeathPants the Chopper (Vine Stalker Gladiator)      Turns: 647, Time: 00:02:07

Health: -1/15      AC:  4    Str: 16    XL:     2   Next: 45%
Magic:  0/3        EV: 12    Int:  8    God:
Gold:   33         SH:  0    Dex: 15    Spells: 1/1 levels left

rFire   . . .      SeeInvis .    b - +2 hand axe (freeze)
rCold   . . .      Faith    .    (no shield)
rNeg    . . .      Spirit   +    k - +0 leather armour
rPois   .          Reflect  .    c - +0 helmet
rElec   .          Rampage  .    (no cloak)
rCorr   .                        (no gloves)
Will    .....                    (no boots)
Stlth   +                        h - amulet of magic regeneration
HPRegen 0.22/turn                (no ring)
MPRegen 0.48/turn                (no ring)

@: no status effects
A: fangs 2, magic shield, antimagic bite, no potion heal 2
a: no special abilities


You were on level 1 of the Dungeon.
You visited 1 branch of the dungeon, and saw 2 of its levels.

You collected 33 gold pieces.

Inventory:

Hand Weapons
 a - a +0 war axe
 b - a +2 hand axe of freezing (weapon)
Missiles
 d - 3 throwing nets (quivered)
 e - a javelin
Armour
 c - a +0 helmet (worn)
 k - a +0 leather armour (worn)
Jewellery
 h - an amulet of magic regeneration (around neck)
Scrolls
 f - 3 scrolls of fog {unknown}
 g - 2 scrolls of identify {unknown}
 j - a scroll of teleportation {unknown}
 l - a scroll of enchant weapon {unknown}
Potions
 i - a potion of curing {unknown}


   Skills:
 + Level 2.1 Fighting
 * Level 3.2 Axes
 - Level 1.7 Throwing
 - Level 2.4 Dodging


You had one spell level left.
You didn't know any spells.
Your spell library was empty.

Dungeon Overview and Level Annotations

Branches:
Dungeon (2/15)

Altars:

Annotations:
D:2 Robin


Innate Abilities, Weirdness & Mutations

You have extremely sharp teeth.
When hurt, damage is shared between your health and your magic reserves.
Your bite disrupts and absorbs the magic of your enemies.
Potions cannot restore your health.


Message History

You hit the hobgoblin. You freeze the hobgoblin.
The hobgoblin is severely wounded.
You hit the goblin. You freeze the goblin.
You kill the goblin!
You hear a shout!
A goblin comes into view. It is wielding a +0 club.
The hobgoblin closely misses you. Robin throws the goblin at you!
The goblin barely misses you. The goblin attacks as you move away!
The goblin hits you with a +0 dagger. The hobgoblin attacks as you move away!
The hobgoblin misses you. Robin throws the goblin at you!
The goblin hits you but does no damage. x2
The goblin attacks as you move away! The goblin misses you.
Robin roars a battlecry!
The goblins go into a battle-frenzy!
The goblin hits you with a +0 dagger. The goblin barely misses you.
You hear a shout! x2
The goblin attacks as you move away! The goblin misses you.
The hobgoblin attacks as you move away! The hobgoblin barely misses you.
The goblin hits you with a +0 dagger. The goblin hits you with a +0 dagger.
Robin throws the goblin at you!
There is a stone staircase leading up here.
Magic restored.
The goblin hits you but does no damage. x2
The hobgoblin misses you. The goblin barely misses you.
The goblin closely misses you.
You climb upwards.
There is a stone staircase leading down here.
You hit the goblin. You freeze the goblin. You bite the goblin.
You drain its power.
The goblin is severely wounded.
You barely miss the goblin. You hit the hobgoblin. You freeze the hobgoblin.
You kill the hobgoblin!
You hit the goblin. You freeze the goblin.
You kill the goblin!
You hit the goblin. You freeze the goblin. The goblin barely misses you.
The goblin closely misses you.
The goblin hits you with a +0 dagger. x2
* * * LOW HITPOINT WARNING * * *
The goblin hits you with a +0 club.
* * * LOW HITPOINT WARNING * * *
The goblin hits you with a +0 dagger.
You die...

#.# #.# # #
#.###########.# #.
#...........#.#
##.##.......^.....#
................#
#............#
#..)gg.......#
#..g@........#
#............#
#.#..........#
..............#
####...........#######
....................
####..........########
..................# ##
.####.#.############.#


You could see 3 goblins.

Vanquished Creatures
  2 bats (D:1)
  A giant cockroach (D:1)
  3 goblins
  5 hobgoblins (D:1)
  4 rats (D:1)
15 creatures vanquished.

Notes
Turn   | Place    | Note
-------+----------+-------------------------------------------
     0 | D:1      | DeathPants the Vine Stalker Gladiator began the quest for
                  | the Orb.
     0 | D:1      | Reached XP level 1. HP: 11/11 MP: 2/2
   300 | D:1      | Reached skill level 3 in Axes
   331 | D:1      | Reached XP level 2. HP: 15/15 MP: 3/3
   541 | D:1      | Found a faded altar of an unknown god.
   638 | D:2      | Identified the +1 helmet of the Lily {rElec rF- rN+ MP+9
                  | Stlth+}
   638 | D:2      | Noticed Robin
   647 | D:1      | Slain by a goblin

Illustrated notes

Levels and vault maps discovered:
D:1:      beargit_arrival_greenhouse, layout_basic,
          chequers_ecumenical_altar_simple, dreamdust_princess_bridge,
          hex_medium, kennysheep_flooded_box, kennysheep_pointless_box
D:2:      layout_rooms, kennysheep_crisscross, uniq_robin

Skill      XL: |  1 |
---------------+----+-----
Axes           | 3 |  3.2
Fighting       | 2 |  2.1
Throwing       | |  1.7
Dodging        | |  2.4

Action                     || total
---------------------------++-------
  Melee: War axe           ||    11
         Hand axe          ||    17
         Bite              ||     4
   Stab: Sleeping          ||     1
 Armour: Leather armour    ||    11
  Dodge: Dodged            ||    32

Table legend: (Time is in decaauts)
 A = Elapsed time spent in this place.
 B = Non-inter-level travel time spent in this place.
 C = Inter-level travel time spent in this place.
 D = Time resting spent in this place.
 E = Time spent auto-exploring this place.
 F = Levels seen in this place.
 G = Mean time per level.
                   A        B        C        D        E       F      G
               +--------+--------+--------+--------+--------+-----+--------+
         Total |    653 |    653 |      0 |      0 |    498 |   2 |  326.5 |
       Dungeon |    653 |    653 |      0 |      0 |    498 |   2 |  326.5 |
               +--------+--------+--------+--------+--------+-----+--------+

Top non-repeatable levels by time:
     D:1: 641 daAuts
     D:2: 11 daAuts
